 Dungeon Crawl Stone Soup version 0.30.0-17-ge0270778cf (webtiles) character file.

Game seed: 16662376418483017788

20395 JanusIIV the Grappler (level 12, -6/106 (122) HPs)
             Began as a Troll Fighter on May 21, 2023.
             Was an Elder of Wu Jian.
             Mangled by a minotaur
             ... wielding a +3 great mace of draining
              (24 damage)
             ... in a Gauntlet.
             The game lasted 00:34:46 (11108 turns).

JanusIIV the Grappler (Troll Fighter)              Turns: 11108, Time: 00:34:46

HP:   -6/106 (122)  AC: 10    Str: 33    XL:     12   Next: 45%
MP:   11/11         EV: 10    Int:  8    God:    Wu Jian [****..]
Gold: 183           SH: 10    Dex:  9    Spells: 11/11 levels left

rFire   . .          .
                       - Unarmed
rCold   . . .        b - +0 kite shield
rNeg    . . .        j - +0 troll leather armour
rPois   +            (helmet restricted)
rElec   .            f - +1 cloak {rCorr}
rCorr   +            (gloves unavailable)
SInv    +            (boots unavailable)
Will    .....        I - amulet of regeneration
Stlth   +            H - +6 ring of strength
HPRegen 2.77/turn    l - ring of see invisible
MPRegen 0.12/turn

%: no teleportation
@: mighty, heavily drained
A: large, unfitting armour, claws 3, regeneration 1, shaggy fur 1, tough skin 1,
hooves 1, iridescent scales 1, poison resistance, MP-powered wands
a: Renounce Religion, Wall Jump, Serpent's Lash


You were in a Gauntlet.
You worshipped Wu Jian.
Wu Jian was greatly pleased with you.
You visited 3 branches of the dungeon, and saw 14 of its levels.
You also visited: Bailey and Gauntlet.

You collected 597 gold pieces.
You spent 414 gold pieces at shops.

Inventory:

Missiles
 e - 15 poisoned darts (quivered)
Armour
 b - a +0 kite shield (worn)
 f - a +1 cloak of preservation (worn)
 j - a +0 troll leather armour (worn)
 A - a +1 robe of cold resistance
 G - +0 acid dragon scales
Jewellery
 h - a ring of poison resistance
 i - a ring of flight
 l - a ring of see invisible (right claw)
 v - a ring of ice
 z - the amulet of Beedurat {Spirit Str+2 Int+5}
   (You found it on level 1 of the Lair of Beasts)

   [amulet of guardian spirit]

   It causes incoming damage to be divided between your reserves of health and
   magic.
   Str:       It affects your strength (+2).
   Int:       It affects your intelligence (+5).
 H - a +6 ring of strength (left claw)
 I - an amulet of regeneration (around neck)
Wands
 c - a wand of digging (5)
 E - a wand of paralysis (5)
Scrolls
 a - a scroll of vulnerability {unknown}
 d - a scroll of enchant armour
 o - 3 scrolls of teleportation
 p - a scroll of torment
 q - a scroll of silence {unknown}
 r - a scroll of blinking {unknown}
 s - 4 scrolls of amnesia
 w - a scroll of fog {unknown}
 y - a scroll of immolation {unknown}
 J - a scroll of brand weapon {unknown}
Potions
 g - 5 potions of curing
 m - a potion of ambrosia
 t - a potion of flight
 u - 2 potions of cancellation
 B - 3 potions of attraction {unknown}
 F - 3 potions of brilliance {unknown}


   Skills:
 + Level 8.6 Fighting
 + Level 7.0 Dodging
 + Level 9.4 Shields
 * Level 13.8 Unarmed Combat


You had 11 spell levels left.
You didn't know any spells.
Your spell library contained the following spells:

 Spells                   Type           Power      Damage    Failure   Level
 Beastly Appendage        Tmut           0%         N/A       58%         1
 Necrotise                Necr           0%         1d4       58%         1
 Sting                    Tmut/Pois      0%         1d3       58%         1
 Blink                    Tloc           0%         N/A       75%         2
 Ensorcelled Hibernation  Hex/Ice        0%         N/A       75%         2
 Lesser Beckoning         Tloc           0%         N/A       75%         2
 Momentum Strike          Conj/Tloc      0%         3d8       75%         2
 Poisonous Vapours        Pois/Air       0%         N/A       75%         2
 Wereblood                Tmut           0%         N/A       75%         2
 Call Canine Familiar     Summ           0%         N/A       92%         3
 Gell's Gravitas          Tloc           0%         N/A       92%         3
 Ozocubu's Armour         Ice            0%         N/A       92%         3
 Portal Projectile        Hex/Tloc       0%         N/A       92%         3
 Spider Form              Tmut/Pois      0%         N/A       92%         3
 Teleport Other           Tloc           0%         N/A       92%         3
 Vampiric Draining        Necr           0%         2d6       92%         3
 Anguish                  Hex/Necr       0%         N/A       100%        4
 Leda's Liquefaction      Hex/Erth       0%         N/A       100%        4
 Olgreb's Toxic Radiance  Pois           0%         N/A       100%        4
 Agony                    Necr           0%         N/A       100%        5
 Fireball                 Conj/Fire      0%         3d3       100%        5
 Iskenderun's Battlesphe  Conj           0%         2d6       100%        5
 Conjure Ball Lightning   Conj/Air       0%         3x3d6     100%        6
 Dispersal                Tloc           0%         N/A       100%        6
 Orb of Destruction       Conj           0%         9d5       100%        7
 Ozocubu's Refrigeration  Ice            0%         4d7       100%        7
 Discord                  Hex            0%         N/A       100%        8
 Ignition                 Fire           0%         3d3       100%        8


Dungeon Overview and Level Annotations

Branches:
Dungeon (11/15)            Temple (1/1) D:6            Lair (2/5) D:11
 Spider (0/4) Lair:2          Orc (0/2) D:10         Bailey (visited)
Gauntlet (1/1)
  Swamp: Lair:2-3    Shoals: Lair:2-3

Altars:
Ashenzari
Cheibriados
Dithmenos
Elyvilon
Fedhas
Gozag
Hepliaklqana
Kikubaaqudgha
Makhleb
Nemelex Xobeh
Okawaru
Qazlal
Ru
Sif Muna
Trog
Uskayaw
Vehumet
Wu Jian
Xom
Yredelemnul
Zin
The Shining One

Shops:
D:3 [   D:11 !

Annotations:
Lair:1 exclusion: 2 oklob plants Gauntlet 8 transporters


Innate Abilities, Weirdness & Mutations

You are too large for most types of armour.
You have claws for hands.
Your natural rate of healing is unusually fast.
You are covered in fur. (AC +1)
You have tough skin. (AC +1)
You have large cloven feet.
You are partially covered in iridescent scales. (AC +2)
Your system is resistant to poisons. (rPois)
You expend magic power (3 MP) to strengthen your wands.


Message History

You lunge at the minotaur.
You completely miss the minotaur. Your kick misses the minotaur.
The minotaur hits you with a +3 great mace of draining!
You feel drained.
The minotaur gores you but does no damage.
You mangle the minotaur!!
The minotaur is moderately wounded.
The minotaur hits you with a +3 great mace of draining!
You feel drained.
The minotaur gores you but does no damage.
You barely miss the minotaur.
The minotaur furiously retaliates!
The minotaur headbutts you!
You kick the minotaur.
The minotaur is moderately wounded.
You block the minotaur's attack. The minotaur gores you.
You feel very mighty all of a sudden. You block the minotaur's attack.
The minotaur closely misses you.
You claw the minotaur!
The minotaur is heavily wounded.
You claw the minotaur!
You kick the minotaur, but do no damage.
The minotaur is severely wounded.
The minotaur hits you with a +3 great mace of draining!!
You feel drained. The minotaur closely misses you.
You mangle the minotaur!!
The minotaur is almost dead.
The minotaur hits you with a +3 great mace of draining!!
You feel drained. You block the minotaur's attack.
You scratch the minotaur but do no damage.
The minotaur is almost dead.
You block the minotaur's attack. The minotaur gores you!
* * * LOW HITPOINT WARNING * * *
You scratch the minotaur but do no damage.
The minotaur is almost dead.
The minotaur barely misses you. The minotaur gores you!
* * * LOW HITPOINT WARNING * * *
You scratch the minotaur.
You kick the minotaur, but do no damage.
The minotaur is almost dead.
The minotaur hits you with a +3 great mace of draining!!
You die...

#....##.####.8....
#.##.##..##≈......
#.##......##...### #
#.##.##....#...#.y #≈
#.#....##.©8.#...#[#
#≈≈.#.#.##.##....#...#$#
#≈∩.(.'.##....©8.#.8.#©#
#H##.##....#...#.#
#@"..##.©8.#...#=#
#.##.##....#...#..
#.##......##§§.###
#.##.##..##≈§§....
#....##.####.8....
###########.......
#≈...#### ##...#BZZ
#§§..#Z.#


You could see a minotaur.

Vanquished Creatures
  Fannar (D:10)
  2 boulder beetles
  2 two-headed ogres
  The ghost of hito the Transmogrifier, a novice DrTm of Cheibriados (D:9)
  An orc knight (Bailey)
  2 black mambas (Lair:1)
  A gargoyle (D:9)
  2 cane toads (Lair:1)
  4 komodo dragons
  A rime drake (Lair:2)
  A kobold demonologist (D:11)
  A freezing wraith (D:9)
  A hornet (D:9)
  2 trolls (D:10)
  5 blink frogs (Lair:1)
  4 slime creatures (D:9)
  8 flying skulls (Gauntlet)
  7 shadows
  17 yaks
  3 wraiths
  3 wyverns
  A steam dragon (D:9)
  4 vampire mosquitoes (D:10)
  An acid dragon (D:11)
  2 water moccasins
  A floating eye (Lair:1)
  9 orc warriors
  A sky beast (D:7)
  A black bear (D:6)
  2 centaurs
  An ogre (D:4)
  2 phantoms
  8 bullfrogs
  2 gnoll sergeants
  2 scorpions
  6 wights
  6 killer bees (D:7)
  2 electric eels (D:8)
  A howler monkey (D:9)
  A gnoll bouda (D:6)
  9 orc priests
  5 hounds
  2 jellies
  2 sleepcaps
  5 iguanas
  12 orc wizards
  23 gnolls
  5 adders
  A shadow imp (D:8)
  3 white imps
  5 worms
  2 dart slugs
  61 orcs
  5 bats
  7 endoplasms
  A giant cockroach (D:1)
  14 goblins
  17 hobgoblins
  3 jackals (D:4)
  2 quokkas
  6 ball pythons
  2 frilled lizards (D:1)
  4 kobolds
  6 rats
324 creatures vanquished.

Vanquished Creatures (others)
  An orc (D:8)
1 creature vanquished.

Grand Total: 325 creatures vanquished

Notes
Turn   | Place    | Note
-------+----------+-------------------------------------------
     0 | D:1      | JanusIIV the Troll Fighter began the quest for the Orb.
     0 | D:1      | Reached XP level 1. HP: 22/22 MP: 0/0
   174 | D:1      | Reached XP level 2. HP: 29/29 MP: 1/1
   628 | D:2      | Reached skill level 3 in Unarmed Combat
   628 | D:2      | Reached XP level 3. HP: 35/36 MP: 2/2
   731 | D:2      | Reached XP level 4. HP: 24/44 MP: 3/3
  1067 | D:3      | Reached XP level 5. HP: 49/53 MP: 4/4
  1114 | D:3      | Found Siwnepom's Antique Armour Shop.
  1153 | D:3      | Reached skill level 4 in Unarmed Combat
  1273 | D:3      | Found a hazy altar of Hepliaklqana.
  1298 | D:3      | Found a snail-covered altar of Cheibriados.
  1331 | D:3      | Found an opulent altar of Gozag.
  1745 | D:4      | Noticed an ogre
  1828 | D:4      | Killed an ogre
  1829 | D:4      | Reached XP level 6. HP: 61/61 MP: 5/5
  2036 | D:4      | Found a stormy altar of Qazlal.
  2202 | D:5      | Entered Level 5 of the Dungeon
  2286 | D:5      | Reached skill level 5 in Unarmed Combat
  2639 | D:5      | Reached XP level 7. HP: 55/68 MP: 6/6
  3264 | D:5      | Reached skill level 6 in Unarmed Combat
  3510 | D:6      | Found a basalt altar of Yredelemnul.
  3599 | D:6      | Reached skill level 5 in Shields
  3599 | D:6      | Reached XP level 8. HP: 75/79 MP: 7/7
  3651 | D:6      | Reached skill level 7 in Unarmed Combat
  3979 | D:6      | Found a staircase to the Ecumenical Temple.
  3988 | Temple   | Entered the Ecumenical Temple
  4350 | D:6      | Found a sacrificial altar of Ru.
  4489 | D:7      | Reached skill level 5 in Fighting
  4545 | D:7      | Reached skill level 8 in Unarmed Combat
  4746 | D:7      | Found a radiant altar of Vehumet.
  4746 | D:7      | Found a glowing golden altar of the Shining One.
  4822 | D:7      | Found an iron altar of Okawaru.
  4854 | D:7      | Reached XP level 9. HP: 88/88 MP: 8/8
  4933 | D:7      | Found a blossoming altar of Fedhas.
  4977 | D:7      | Found an ornate altar of the Wu Jian Council.
  4981 | D:7      | Became a worshipper of the Wu Jian Council
  5139 | D:7      | Found a sparkling altar of Nemelex Xobeh.
  5210 | D:7      | Found a glowing silver altar of Zin.
  5212 | D:7      | Found a shimmering altar of Xom.
  5587 | D:7      | Reached skill level 9 in Unarmed Combat
  5631 | D:8      | Found a flagged portal.
  5642 | Bailey   | Entered a bailey
  5717 | Bailey   | Noticed an orc knight
  5761 | Bailey   | Killed an orc knight
  5959 | Bailey   | Reached * piety under Wu Jian
  6083 | Bailey   | Noticed an orc warlord
  6084 | Bailey   | Noticed an orc knight
  6144 | D:8      | Identified the +1 sling of Qazlal's Anger {drain, rF++}
  6162 | D:8      | Found an ancient bone altar of Kikubaaqudgha.
  6349 | D:8      | Reached skill level 10 in Unarmed Combat
  6470 | D:8      | Reached XP level 10. HP: 51/100 MP: 9/9
  7092 | D:9      | Found a runed translucent gate.
  7092 | D:9      | Found a runed translucent gate.
  7092 | D:9      | Found a runed translucent gate.
  7174 | D:9      | Noticed a gargoyle
  7185 | D:9      | Killed a gargoyle
  7253 | D:9      | Reached ** piety under Wu Jian
  7299 | D:9      | Noticed hito's ghost (novice DrTm)
  7358 | D:9      | Noticed a two-headed ogre
  7378 | D:9      | Killed a two-headed ogre
  7379 | D:9      | Reached skill level 11 in Unarmed Combat
  7397 | D:9      | Paralysed by a hornet for 3 turns
  7405 | D:9      | Paralysed by a hornet for 3 turns
  7424 | D:9      | Reached skill level 5 in Dodging
  7662 | D:9      | Killed hito's ghost
  7666 | D:9      | Reached XP level 11. HP: 81/109 MP: 10/10
  7776 | D:10     | Entered Level 10 of the Dungeon
  7945 | D:10     | Reached *** piety under Wu Jian
  7946 | D:10     | Noticed Fannar
  7964 | D:10     | Killed Fannar
  7965 | D:10     | Reached skill level 12 in Unarmed Combat
  8250 | D:10     | Found a staircase to the Orcish Mines.
  8804 | D:11     | Found Riunoip's Distillery.
  8807 | D:11     | Noticed a two-headed ogre
  8811 | D:11     | Killed a two-headed ogre
  8814 | D:11     | Bought a potion of mutation for 144 gold pieces
  8814 | D:11     | Bought a potion of heal wounds for 90 gold pieces
  8814 | D:11     | Bought a potion of haste for 180 gold pieces
  8850 | D:11     | Noticed a boulder beetle
  8869 | D:11     | Found a shimmering blue altar of Sif Muna.
  9091 | D:11     | Killed a boulder beetle
  9327 | D:11     | Found a staircase to the Lair.
  9633 | D:11     | Gained mutation: You are strong-willed. (Will+) [potion of
                  | mutation]
  9633 | D:11     | Gained mutation: You are clumsy. (Dex -2) [potion of
                  | mutation]
  9634 | D:11     | Lost mutation: You are clumsy. (Dex -2) [potion of
                  | mutation]
  9634 | D:11     | Lost mutation: You are strong-willed. (Will+) [potion of
                  | mutation]
  9634 | D:11     | Gained mutation: You have a pair of small antennae on your
                  | head. [potion of mutation]
  9634 | D:11     | Gained mutation: You sometimes lose your temper in combat.
                  | [potion of mutation]
  9634 | D:11     | Gained mutation: Your system is resistant to poisons.
                  | (rPois) [potion of mutation]
  9635 | D:11     | Lost mutation: You have a pair of small antennae on your
                  | head. [potion of mutation]
  9635 | D:11     | Lost mutation: You sometimes lose your temper in combat.
                  | [potion of mutation]
  9635 | D:11     | Gained mutation: You are partially covered in iridescent
                  | scales. (AC +2) [potion of mutation]
  9635 | D:11     | Gained mutation: You have large cloven feet. [potion of
                  | mutation]
  9635 | D:11     | Gained mutation: You expend magic power (3 MP) to
                  | strengthen your wands. [potion of mutation]
  9744 | Lair:1   | Entered Level 1 of the Lair of Beasts
  9952 | Lair:1   | Identified the amulet of Beedurat {Spirit Str+2 Int+5}
  9970 | Lair:1   | Noticed a boulder beetle
  9986 | Lair:1   | Reached skill level 13 in Unarmed Combat
  9995 | Lair:1   | Killed a boulder beetle
 10032 | Lair:1   | Reached XP level 12. HP: 120/120 MP: 11/11
 10438 | Lair:1   | Reached **** piety under Wu Jian
 10750 | Lair:2   | Found a gate leading to a gauntlet.
 10762 | Gauntlet | Entered a Gauntlet
 10762 | Gauntlet | Found a transporter.
 10771 | Gauntlet | Found a transporter.
 10787 | Gauntlet | Found a transporter.
 10790 | Gauntlet | Found a transporter.
 10800 | Gauntlet | Found a transporter.
 10820 | Gauntlet | Found a transporter.
 10823 | Gauntlet | Found a transporter.
 10827 | Gauntlet | Found a transporter.
 10854 | Gauntlet | Noticed a death scarab
 10858 | Gauntlet | Found a transporter.
 10858 | Gauntlet | Noticed a death scarab
 10866 | Gauntlet | Found a transporter.
 10866 | Gauntlet | Found a transporter.
 10874 | Gauntlet | Found a transporter.
 11078 | Gauntlet | Identified the +2 plate armour "Xuaqoibb" {Will+ Int+2}
 11078 | Gauntlet | Noticed a minotaur
 11108 | Gauntlet | Mangled by a minotaur

Illustrated notes

Levels and vault maps discovered:
D:1:      dpeg_arrival_long_road, layout_basic, kennysheep_nondescript
D:2:      layout_rooms
D:3:      layout_basic, lemuel_round_altar, lemuel_crystal_altar,
          lemuel_crystal_altar, serial_shops, nicolae_shop_window_shopping
D:4:      layout_basic, overflow_temple_1_default, hex_medium,
          kennysheep_windowed_goal
D:5:      layout_layer_cave, serial_glass, glass_columns_a, glass_columns_a
D:6:      layout_basic, nicolae_ru_path_of_blood,
          mainiacjoe_overflow_small_starburst,
          minmay_temple_entry_drinking_statues, dreamdust_princess_corridor,
          minmay_misc_feat_cross
D:7:      layout_loops_ring, lemuel_round_altar, mainiacjoe_overflow_24_doors,
          fedhas_altar_2, nicolae_overflow_hidden_temple, grunt_ministairs_10,
          minmay_crossroads
D:8:      layout_cave_pools, general_overflow_altar, enter_bailey_2,
          serial_park, serial_park_square1 [serial_park_minivault_5x5_2],
          serial_park_tiny_pond, serial_park_tiny_1, serial_park_paths
          [serial_park_minivault_5x5_5], kennysheep_generic_room_3
D:9:      layout_loops_ring, gammafunk_ghost_spectres, corexii_corridor_pit
D:10:     layout_loops_ring, hiddenorc2_lemuel, uniq_fannar
D:11:     layout_basic, grunt_lair_entry_orc_guard_hut, serial_shops,
          nicolae_shop_crystal, nicolae_sif_muna_little_library
Temple:   nicolae_temple_bog_church
Lair:1:   layout_cave_pods, minivault_24, disabler_island, grunt_megastairs_2,
          infiniplex_staircase_pool_2
Lair:2:   layout_roguey, nicolae_spider_entry_tight_spaces,
          gauntlet_entry_generic, st_stairs_8, uniq_erica
Gauntlet: minmay_gauntlet_mixed_oops_all_seconds
          [minmay_gauntlet_arena_77_broken_ladder,
          gammafunk_gauntlet_arena_chambers, minmay_gauntlet_arena_77_mess,
          gammafunk_gauntlet_arena_split_diamond,
          minmay_gauntlet_arena_77_two_paths, gammafunk_gauntlet_arena_mazey,
          gauntlet_exit_watery]

Skill      XL: |  1  2  3  4  5  6  7  8  9 10 11 12 |
---------------+-------------------------------------+-----
Shields        | 3 4 5 6 7 8 9 |  9.4
Unarmed Combat | 3 4 5 6 8 10 11 13 | 13.8
Fighting       | 3 4 5 6 7 8 |  8.6
Dodging        | 3 5 6 7 |  7.0

Action                     |  1- 3 |  4- 6 |  7- 9 | 10-12 || total
---------------------------+-------+-------+-------+-------++-------
  Melee: Unarmed           |    73 |   132 |   363 |   516 ||  1084
         Kick              |       |       |       |    36 ||    36
  Throw: Dart              |       |       |       |     1 ||     1
Ability: Lunge             |       |       |     4 |    50 ||    54
         Whirlwind         |       |       |       |     7 ||     7
  Evoke: Wand              |       |       |     2 |       ||     2
    Use: Potion            |       |     1 |     2 |    18 ||    21
         Scroll            |       |       |     9 |    10 ||    19
   Stab: Sleeping          |     1 |       |       |       ||     1
 Armour: Robe              |    16 |    30 |    62 |    44 ||   152
         Troll leather arm |       |       |       |    48 ||    48
  Dodge: Dodged            |    25 |    31 |   108 |   119 ||   283
  Block: Kite shield       |    25 |    26 |   118 |   158 ||   327
